 Dungeon Crawl Stone Soup version 0.21-a0-578-gc6e9d75 (webtiles) character file.

26735 tidbits the Martial Artist (level 13, -2/99 HPs)
             Began as a Gnoll Transmuter on Dec 18, 2017.
             Was the Champion of Cheibriados.
             Slain by a demonic crawler (5 damage)
             ... summoned by a deep elf mage
             ... on level 1 of the Elven Halls.
             The game lasted 01:37:05 (5142 turns).

tidbits the Martial Artist (Gnoll Transmuter)       Turns: 5142, Time: 01:37:05

Health: -2/99      AC:  5    Str: 27      XL:     13   Next: 27%
Magic:  31/36      EV: 26    Int: 35 (39) God:    Cheibriados [******]
Gold:   352        SH:  0    Dex: 33      Spells: 10/31 levels left

rFire    . . .     SeeInvis .     - Unarmed
rCold    . . .     Gourm    .   (shield currently unavailable)
rNeg     + . .     Faith    .   B - +0 troll leather armour
rPois    .         Spirit   .   E - +3 hat of Pondering {ponderous, MR+ MP+10 Int+5}
rElec    .         Reflect  .   (no cloak)
rCorr    .         Harm     .   (gloves currently unavailable)
MR       ++...                  F - +0 pair of boots
Stlth    +++++.....             (no amulet)
HPRegen  0.66/turn              C - ring "Paisysi" {rN+ EV+3 Slay+3}
MPRegen  0.25/turn              H - ring of protection from magic

@: lethally poisoned (-2 -> -2), blade hands, corroded, very slow
A: distributed training, fangs 1, strong nose
a: End Transformation, Bend Time, Temporal Distortion, Slouch, Step From Time,
Renounce Religion


You were on level 1 of the Elven Halls.
You worshipped Cheibriados.
Cheibriados was exalted by your worship.
You were not hungry.
You had blades for hands.
You visited 3 branches of the dungeon, and saw 16 of its levels.

You collected 1303 gold pieces.
You spent 951 gold pieces at shops.

Inventory:

Hand Weapons
 a - a +4 demon trident of freezing (melded)
   (You took it off Urug on level 2 of the Orcish Mines)
 e - a +2 dagger of venom
   (You took it off an orc on level 1 of the Orcish Mines)
 z - a +2 whip of freezing
   (You took it off Pikel on level 6 of the Dungeon)
 I - a +1 dire flail of holy wrath
   (You took it off an orc knight on level 2 of the Orcish Mines)
Missiles
 b - 2 throwing nets {!f}
 n - a poisoned javelin
 Q - 36 arrows
 S - 5 tomahawks of returning (quivered)
 X - 4 javelins of penetration
 Z - 26 stones
Armour
 l - a cursed +0 leather armour
 A - a +1 robe of the Archmagi
   (You took it off Pikel on level 6 of the Dungeon)
 B - a +0 troll leather armour (worn)
 D - a +0 buckler (melded)
 E - the +3 hat of Pondering (worn) {ponderous, MR+ MP+10 Int+5}
   (You took it off Gastronok on level 9 of the Dungeon)

   It affects your intelligence (+5).
   It affects your resistance to hostile enchantments.
   It affects your magic capacity (+10).
 F - a +0 pair of boots (worn)
 G - a +2 pair of gloves (melded)
 Y - the +10 large shield of Ignorance {rN+ Int-4}
   (You found it on level 1 of the Orcish Mines)

   It affects your intelligence (-4).
   It protects you from negative energy.
Jewellery
 C - the ring "Paisysi" (left scythe-like blade) {rN+ EV+3 Slay+3}
   (You bought it in a shop on level 2 of the Orcish Mines)

   [ring of evasion]

   It affects your evasion (+3).
   It affects your accuracy and damage with ranged weapons and melee attacks
   (+3).
   It protects you from negative energy.
 H - a ring of protection from magic (right scythe-like blade)
   (You found it on level 8 of the Dungeon)
 J - a +4 ring of strength
   (You found it on level 5 of the Dungeon)
 K - the ring "Ekusoibo" {rCorr rElec MR- Int+5}
   (You found it on level 6 of the Dungeon)

   [ring of resist corrosion]

   It affects your intelligence (+5).
   It insulates you from electricity.
   It affects your resistance to hostile enchantments.
 W - an uncursed ring of wizardry
   (You found it on level 9 of the Dungeon)
Wands
 f - a wand of polymorph (8)
 j - a wand of flame (23)
Scrolls
 i - a scroll of blinking
 k - a scroll of torment
 m - 2 scrolls of enchant weapon {unknown}
 r - 7 scrolls of remove curse
 t - 2 scrolls of fear {unknown}
 x - 4 scrolls of immolation {unknown}
 y - 2 scrolls of amnesia
 N - a scroll of teleportation
 R - 2 scrolls of enchant armour
 U - a scroll of magic mapping {unknown}
 V - a scroll of silence {unknown}
Potions
 o - 2 potions of degeneration {unknown}
 q - 5 potions of lignification
 s - a potion of ambrosia
 u - a potion of magic
 w - 2 potions of heal wounds
 L - a potion of curing
 M - a potion of resistance {unknown}
 P - 3 potions of flight
Books
 c - a book of Changes

   Spells                             Type                      Level
   a - Beastly Appendage              Transmutation                1
   b - Sticks to Snakes               Transmutation                2
   c - Spider Form                    Transmutation/Poison         3
   d - Ice Form                       Ice/Transmutation            4
   e - Blade Hands                    Transmutation                5
 g - a book of Cantrips
   (You found it on level 9 of the Dungeon)

   Spells                             Type                      Level
   a - Confusing Touch                Hexes                        1
   b - Animate Skeleton               Necromancy                   1
   c - Summon Small Mammal            Summoning                    1
   d - Apportation                    Translocation                1
 v - a book of Air
   (You found it on level 9 of the Dungeon)

   Spells                             Type                      Level
   a - Shock                          Conjuration/Air              1
   b - Swiftness                      Charms/Air                   2
   c - Static Discharge               Conjuration/Air              3
   d - Airstrike                      Air                          4
   e - Lightning Bolt                 Conjuration/Air              5
 O - a book of Clouds
   (You found it on level 7 of the Dungeon)

   Spells                             Type                      Level
   a - Poisonous Vapours              Poison/Air                   2
   b - Mephitic Cloud                 Conjuration/Poison/Air       3
   c - Conjure Flame                  Conjuration/Fire             3
   d - Freezing Cloud                 Conjuration/Ice/Air          6
   e - Ring of Flames                 Charms/Fire                  7
Comestibles
 d - 3 rations


   Skills:
 + Level 8.4 Fighting
 + Level 8.0 Short Blades
 + Level 8.0 Long Blades
 + Level 8.0 Axes
 + Level 8.0 Maces & Flails
 + Level 8.0 Polearms
 + Level 8.0 Staves
 + Level 8.0 Slings
 + Level 8.0 Bows
 + Level 8.0 Crossbows
 + Level 8.0 Throwing
 + Level 8.0 Armour
 + Level 9.3 Dodging
 + Level 8.0 Stealth
 + Level 8.0 Shields
 + Level 10.3 Unarmed Combat
 + Level 9.5 Spellcasting
 + Level 6.6 Conjurations
 + Level 6.6 Hexes
 + Level 6.6 Charms
 + Level 6.6 Summonings
 + Level 6.6 Necromancy
 + Level 6.6 Translocations
 + Level 7.7 Transmutations
 + Level 6.6 Fire Magic
 + Level 6.6 Ice Magic
 + Level 6.6 Air Magic
 + Level 6.6 Earth Magic
 + Level 6.6 Poison Magic
 + Level 8.8 Invocations
 + Level 8.0 Evocations


You had 10 spell levels left.
You knew the following spells:

 Your Spells              Type           Power        Failure   Level  Hunger
a - Apportation           Tloc           ######       9%          1    None
b - Spider Form           Tmut/Pois      ######....   11%         3    None
c - Conjure Flame         Conj/Fire      ######..     12%         3    None
h - Blade Hands           Tmut           ######....   26%         5    ###....
k - Sticks to Snakes      Tmut           ######..     9%          2    None
m - Mephitic Cloud        Conj/Pois/Air  ######..     12%         3    None
n - Animate Skeleton      Necr           N/A          9%          1    None
p - Poisonous Vapours     Pois/Air       ######       10%         2    None
t - Confusing Touch       Hex            ######       9%          1    None


Dungeon Overview and Level Annotations

Branches:
Dungeon (13/15)            Temple (0/1) D:5             Orc (2/2) D:12
    Elf (1/3) Orc:2
   Lair: D:8-11      Vaults: D:13-14

Altars:
Cheibriados
Dithmenos
Makhleb
Okawaru
Ru
Vehumet
Zin
Beogh

Shops:
D:5 ?   Orc:2 *(=[

Annotations:
Orc:1 1 runed door, exclusion: 3 orange crystal statues


Innate Abilities, Weirdness & Mutations

Your experience applies equally to all skills.
You have very sharp teeth.
Your uncanny sense of smell can sniff out nearby items.


Message History

The demonic crawler hits you but does no damage.
Your water moccasin closely misses the deep elf mage.
The deep elf mage closely misses your water moccasin.
Your adder misses the deep elf mage.
The demonic crawler completely misses you.
The demonic crawler barely misses you. The demonic crawler misses you.
A deep elf mage comes into view. It is wielding a long sword.
The deep elf mage dies!
Cheibriados thoroughly appreciates the change of pace.
Your water moccasin looks stronger.
The demonic crawler hits your water moccasin but does no damage.
The demonic crawler hits your water moccasin.
The demonic crawler barely misses your water moccasin.
The demonic crawler closely misses you. The demonic crawler hits you.
* * * LOW HITPOINT WARNING * * *
The demonic crawler completely misses you.
Your water moccasin bites the demonic crawler but does no damage.
The demonic crawler closely misses you. The demonic crawler misses you.
The demonic crawler closely misses you.
The demonic crawler misses your water moccasin.
The demonic crawler hits your water moccasin!
The demonic crawler hits your water moccasin but does no damage.
The deep elf mage casts a spell.
The demonic crawler closely misses you.
The demonic crawler completely misses you. x2
Your water moccasin bites the demonic crawler but does no damage.
The hell rat bites you but does no damage.
The demonic crawler completely misses you.
The demonic crawler closely misses you.
The demonic crawler completely misses you.
Found a long sword and 20 gold pieces.
You shred the hell rat!!!
You kill the hell rat!
The hell rat's corpse disappears in a puff of smoke!
You feel sick.
The deep elf mage shouts!
The demonic crawler barely misses your water moccasin.
The demonic crawler closely misses your water moccasin.
The demonic crawler hits your water moccasin!
Your adder bites the demonic crawler but does no damage.
The demonic crawler hits you.
* * * LOW HITPOINT WARNING * * *
The demonic crawler closely misses you. x2
Your water moccasin barely misses the demonic crawler.
The deep elf mage mumbles some strange words.
The demonic crawler barely misses you.
The demonic crawler completely misses you.
The demonic crawler hits you but does no damage.
The red devil hits you from afar with a demon trident!
* * * LOW HITPOINT WARNING * * *
The deep elf mage moves out of view.
You hit the demonic crawler but do no damage.
You slash the demonic crawler, but do no damage.
The demonic crawler disappears in a puff of smoke!
Your adder bites the demonic crawler but does no damage.
Your water moccasin bites the demonic crawler but does no damage.
The demonic crawler misses you.
The demonic crawler hits you but does no damage.
The demonic crawler completely misses you.
The demonic crawler misses you.
The demonic crawler hits you but does no damage.
The demonic crawler misses you.
The deep elf mage mumbles some strange words.
The deep elf mage blinks!
The red devil misses you.
You shred the demonic crawler!!! You bite the demonic crawler.
The demonic crawler is almost dead.
Your adder bites the demonic crawler but does no damage.
Your water moccasin bites the demonic crawler but does no damage.
The demonic crawler misses you.
The demonic crawler completely misses you.
The demonic crawler barely misses you. The demonic crawler hits your adder!
Your adder dies!
The demonic crawler gives a hideous shriek!
You slash the demonic crawler! Your slash misses the demonic crawler.
The demonic crawler is almost dead.
Your water moccasin barely misses the demonic crawler.
The demonic crawler completely misses you.
The demonic crawler hits you but does no damage. x2
A deep elf mage opens the door.
The red devil hits you from afar with a demon trident!
* * * LOW HITPOINT WARNING * * *
The demonic crawler barely misses you. The demonic crawler closely misses you.
The demonic crawler barely misses you.
You shred the demonic crawler!!!
You kill the demonic crawler!
The demonic crawler's corpse disappears in a puff of smoke!
The demonic crawler completely misses you.
The demonic crawler barely misses you. The demonic crawler misses you.
The deep elf mage casts a spell.
The deep elf mage conjures a globe of magical energy!
The red devil misses you.
A battlesphere comes into view.
You feel sick. The demonic crawler misses you. x2
The demonic crawler completely misses you.
The rust devil hits you!
* * * LOW HITPOINT WARNING * * *
The rust devil corrodes you! The demonic crawler hits you!
* * * LOW HITPOINT WARNING * * *
The demonic crawler hits you.
You die...

#...$.# #..⌠..#
#.....#
##.....##
#######'########
....#..)..#.....
....#.....#..)..
.⌠..'..S.)'e.⌠..
....#.s@s.#*....
....#..44?#.....
#######s########
##..r..##
#.....# #..⌠..#
#e....# #.....#


You could see a demonic crawler, a rust devil, 2 deep elf magi, a red devil, 2
redbacks, a hell rat, a battlesphere and a friendly water moccasin.

Vanquished Creatures
  Gastronok (D:9)
  The ghost of Klosterheim the Basher, a journeyman OgMo of Kikubaaqudgha (Orc:2)
  An orc warlord (Orc:2)
  Snorg (D:12)
  A hydra (D:12)
  The ghost of Thaneod the Destroyer, a journeyman DEFE of Vehumet (Orc:2)
  The ghost of Statics the Protected, a journeyman GnWn of Dithmenos (D:9)
  A dancing weapon (Elf:1)
  Urug (Orc:2)
  An orc high priest (Orc:2)
  A wizard (D:11)
  An orange crystal statue (Orc:1)
  2 orc knights (Orc:2)
  Pikel (D:6)
  An ugly thing (D:11)
  5 orc sorcerers
  3 deep elf magi (Elf:1)
  A cyclops (D:12)
  A centaur zombie (D:12)
  7 trolls
  A hornet (D:7)
  A vampire (D:10)
  10 yaks
  A wyvern (D:11)
  A steam dragon (D:10)
  An acid dragon (D:9)
  Duvessa (D:6)
  3 wargs
  A water moccasin (D:7)
  4 porcupines (D:8)
  19 orc warriors
  A black bear (D:7)
  A sky beast (D:5)
  2 necrophages
  An ice beast (D:10)
  A phantom (D:9)
  An eye of draining (D:10)
  13 ogres
  A centaur (D:10)
  A crocodile (D:8)
  2 big kobolds (D:10)
  A gnoll sergeant (D:9)
  3 bullfrogs
  Dowan (D:6)
  A scorpion (D:11)
  3 wights (D:9)
  9 killer bees
  5 crimson imps
  A bullfrog zombie (D:10)
  2 jellies
  17 orc priests
  24 orc wizards
  A quasit (D:7)
  A gnoll shaman (D:10)
  7 hounds
  An iguana (D:5)
  7 worker ants
  A hound skeleton (D:7)
  A howler monkey skeleton (D:5)
  2 worker ant zombies
  7 adders
  9 gnolls
  An adder skeleton (D:5)
  A dart slug (D:2)
  3 leopard geckos
  55 orcs
  3 ball pythons
  3 goblins
  A hobgoblin (D:1)
  7 jackals
  11 kobolds
  5 quokkas
  2 bats
  3 frilled lizards (D:1)
  A quokka skeleton (D:5)
  4 rats
304 creatures vanquished.

Vanquished Creatures (collateral kills)
  An ugly thing (D:12)
  A cyclops (D:12)
  A deep elf mage (Elf:1)
  2 orc warriors (Orc:2)
  A black bear (D:8)
  An orc priest (Orc:2)
  A centaur skeleton (D:7)
  A hound (D:12)
  A gnoll (D:6)
  An adder (D:3)
  2 orcs
  2 goblins (D:1)
  A rat (D:1)
16 creatures vanquished.

Vanquished Creatures (others)
  2 slaves (D:6)
  A gnoll shaman (D:6)
  An orc wizard (D:6)
  A worker ant (D:6)
  A gnoll (D:6)
  2 orcs
  A quokka (D:6)
  A fungus (D:8)
  A plant (D:8)
11 creatures vanquished.

Grand Total: 331 creatures vanquished

Notes
Turn   | Place    | Note
-------+----------+-------------------------------------------
     0 | D:1      | tidbits the Gnoll Transmuter began the quest for the Orb.
     0 | D:1      | Reached XP level 1. HP: 17/17 MP: 6/6
   155 | D:1      | Reached XP level 2. HP: 23/23 MP: 5/7
   159 | D:1      | Learned a level 2 spell: Sticks to Snakes
   362 | D:2      | Reached skill level 5 in Spellcasting
   362 | D:2      | Reached XP level 3. HP: 23/28 MP: 0/9
   367 | D:2      | Learned a level 3 spell: Spider Form
   467 | D:3      | Reached skill level 1 in Invocations
   509 | D:4      | Noticed an ogre
   593 | D:3      | Reached skill level 1 in Short Blades
   593 | D:3      | Reached skill level 1 in Long Blades
   593 | D:3      | Reached skill level 1 in Axes
   593 | D:3      | Reached skill level 1 in Maces & Flails
   593 | D:3      | Reached skill level 1 in Polearms
   593 | D:3      | Reached skill level 1 in Staves
   593 | D:3      | Reached skill level 1 in Slings
   593 | D:3      | Reached skill level 1 in Bows
   593 | D:3      | Reached skill level 1 in Crossbows
   593 | D:3      | Reached skill level 1 in Throwing
   593 | D:3      | Reached skill level 1 in Armour
   593 | D:3      | Reached skill level 1 in Stealth
   593 | D:3      | Reached skill level 1 in Shields
   593 | D:3      | Reached skill level 1 in Evocations
   593 | D:3      | Reached XP level 4. HP: 32/34 MP: 6/11
   635 | D:2      | Found a radiant altar of Vehumet.
   759 | D:4      | Noticed an ogre
   765 | D:4      | Killed an ogre
   765 | D:4      | Reached skill level 3 in Fighting
   765 | D:4      | Reached skill level 1 in Conjurations
   765 | D:4      | Reached skill level 1 in Hexes
   765 | D:4      | Reached skill level 1 in Charms
   765 | D:4      | Reached skill level 1 in Summonings
   765 | D:4      | Reached skill level 1 in Necromancy
   765 | D:4      | Reached skill level 1 in Translocations
   765 | D:4      | Reached skill level 1 in Fire Magic
   765 | D:4      | Reached skill level 1 in Ice Magic
   765 | D:4      | Reached skill level 1 in Air Magic
   765 | D:4      | Reached skill level 1 in Earth Magic
   765 | D:4      | Reached skill level 1 in Poison Magic
   765 | D:4      | Reached XP level 5. HP: 41/41 MP: 7/12
   766 | D:4      | Reached skill level 4 in Transmutations
   795 | D:4      | Reached skill level 2 in Invocations
   795 | D:4      | Reached XP level 6. HP: 36/47 MP: 5/13
   838 | D:5      | Entered Level 5 of the Dungeon
   856 | D:5      | Found a sacrificial altar of Ru.
   856 | D:5      | Found a snail-covered altar of Cheibriados.
   862 | D:5      | Reached skill level 5 in Dodging
   864 | D:5      | Became a worshipper of Cheibriados the Contemplative
   897 | D:5      | Found a staircase to the Ecumenical Temple.
   911 | D:5      | Reached skill level 2 in Short Blades
   911 | D:5      | Reached skill level 2 in Long Blades
   911 | D:5      | Reached skill level 2 in Axes
   911 | D:5      | Reached skill level 2 in Maces & Flails
   911 | D:5      | Reached skill level 2 in Polearms
   911 | D:5      | Reached skill level 2 in Staves
   911 | D:5      | Reached skill level 2 in Slings
   911 | D:5      | Reached skill level 2 in Bows
   911 | D:5      | Reached skill level 2 in Crossbows
   911 | D:5      | Reached skill level 2 in Throwing
   911 | D:5      | Reached skill level 2 in Armour
   911 | D:5      | Reached skill level 2 in Stealth
   911 | D:5      | Reached skill level 2 in Shields
   911 | D:5      | Reached skill level 2 in Evocations
   923 | D:6      | Noticed Dowan
   940 | D:6      | Noticed Pikel
   940 | D:6      | Noticed a slave
   940 | D:6      | Noticed a slave
   940 | D:6      | Noticed a slave
   948 | D:6      | Noticed a slave
   953 | D:6      | Killed Pikel
   953 | D:6      | Reached skill level 7 in Unarmed Combat
   953 | D:6      | Reached skill level 2 in Conjurations
   953 | D:6      | Reached skill level 2 in Hexes
   953 | D:6      | Reached skill level 2 in Charms
   953 | D:6      | Reached skill level 2 in Summonings
   953 | D:6      | Reached skill level 2 in Necromancy
   953 | D:6      | Reached skill level 2 in Translocations
   953 | D:6      | Reached skill level 2 in Fire Magic
   953 | D:6      | Reached skill level 2 in Ice Magic
   953 | D:6      | Reached skill level 2 in Air Magic
   953 | D:6      | Reached skill level 2 in Earth Magic
   953 | D:6      | Reached skill level 2 in Poison Magic
   953 | D:6      | Reached skill level 3 in Invocations
   953 | D:6      | Reached XP level 7. HP: 26/53 MP: 12/15
   972 | D:6      | Noticed Duvessa
   982 | D:6      | Killed Duvessa
   982 | D:6      | Reached XP level 8. HP: 36/60 MP: 16/16
   984 | D:6      | Killed Dowan
  1022 | D:6      | Reached skill level 4 in Fighting
  1022 | D:6      | Reached skill level 3 in Short Blades
  1022 | D:6      | Reached skill level 3 in Long Blades
  1022 | D:6      | Reached skill level 3 in Axes
  1022 | D:6      | Reached skill level 3 in Maces & Flails
  1022 | D:6      | Reached skill level 3 in Polearms
  1022 | D:6      | Reached skill level 3 in Staves
  1022 | D:6      | Reached skill level 3 in Slings
  1022 | D:6      | Reached skill level 3 in Bows
  1022 | D:6      | Reached skill level 3 in Crossbows
  1022 | D:6      | Reached skill level 3 in Throwing
  1022 | D:6      | Reached skill level 3 in Armour
  1022 | D:6      | Reached skill level 3 in Stealth
  1022 | D:6      | Reached skill level 3 in Shields
  1022 | D:6      | Reached skill level 3 in Evocations
  1078 | D:6      | Got a shimmering tin ring
  1082 | D:5      | Found Kaorch's Magic Scroll Emporium.
  1090 | D:5      | Reached skill level 6 in Spellcasting
  1099 | D:5      | Identified the ring "Ekusoibo" {rCorr rElec MR- Int+5} (You found it on level 6 of the Dungeon)
  1113 | D:5      | Bought a scroll of teleportation for 30 gold pieces
  1113 | D:5      | Bought a scroll of blinking for 75 gold pieces
  1113 | D:5      | Bought a scroll of remove curse for 30 gold pieces
  1113 | D:5      | Bought a scroll of noise for 10 gold pieces
  1234 | D:5      | Found a glowing silver altar of Zin.
  1248 | D:5      | Found a shadowy altar of Dithmenos.
  1285 | D:5      | Reached * piety under Cheibriados
  1393 | D:5      | Found an iron altar of Okawaru.
  1714 | D:7      | Learned a level 3 spell: Conjure Flame
  1718 | D:7      | Learned a level 3 spell: Mephitic Cloud
  1738 | D:7      | Reached skill level 3 in Conjurations
  1738 | D:7      | Reached skill level 3 in Hexes
  1738 | D:7      | Reached skill level 3 in Charms
  1738 | D:7      | Reached skill level 3 in Summonings
  1738 | D:7      | Reached skill level 3 in Necromancy
  1738 | D:7      | Reached skill level 3 in Translocations
  1738 | D:7      | Reached skill level 3 in Fire Magic
  1738 | D:7      | Reached skill level 3 in Ice Magic
  1738 | D:7      | Reached skill level 3 in Air Magic
  1738 | D:7      | Reached skill level 3 in Earth Magic
  1738 | D:7      | Reached skill level 3 in Poison Magic
  1738 | D:7      | Reached skill level 4 in Invocations
  1774 | D:7      | Reached XP level 9. HP: 66/66 MP: 11/18
  1835 | D:7      | Reached skill level 6 in Dodging
  1913 | D:7      | Reached skill level 5 in Transmutations
  1914 | D:7      | Noticed a hornet
  1918 | D:7      | Killed a hornet
  1918 | D:7      | Reached ** piety under Cheibriados
  1918 | D:7      | Reached skill level 4 in Short Blades
  1918 | D:7      | Reached skill level 4 in Long Blades
  1918 | D:7      | Reached skill level 4 in Axes
  1918 | D:7      | Reached skill level 4 in Maces & Flails
  1918 | D:7      | Reached skill level 4 in Polearms
  1918 | D:7      | Reached skill level 4 in Staves
  1918 | D:7      | Reached skill level 4 in Slings
  1918 | D:7      | Reached skill level 4 in Bows
  1918 | D:7      | Reached skill level 4 in Crossbows
  1918 | D:7      | Reached skill level 4 in Throwing
  1918 | D:7      | Reached skill level 4 in Armour
  1918 | D:7      | Reached skill level 4 in Stealth
  1918 | D:7      | Reached skill level 4 in Shields
  1918 | D:7      | Reached skill level 4 in Evocations
  2181 | D:8      | Reached skill level 5 in Fighting
  2216 | D:8      | Reached skill level 8 in Unarmed Combat
  2254 | D:9      | Reached skill level 5 in Invocations
  2386 | D:10     | Entered Level 10 of the Dungeon
  2398 | D:10     | Reached XP level 10. HP: 30/74 MP: 15/20
  2403 | D:10     | Reached skill level 7 in Spellcasting
  2407 | D:10     | Reached *** piety under Cheibriados
  2439 | D:10     | Reached skill level 4 in Conjurations
  2439 | D:10     | Reached skill level 4 in Hexes
  2439 | D:10     | Reached skill level 4 in Charms
  2439 | D:10     | Reached skill level 4 in Summonings
  2439 | D:10     | Reached skill level 4 in Necromancy
  2439 | D:10     | Reached skill level 4 in Translocations
  2439 | D:10     | Reached skill level 4 in Fire Magic
  2439 | D:10     | Reached skill level 4 in Ice Magic
  2439 | D:10     | Reached skill level 4 in Air Magic
  2439 | D:10     | Reached skill level 4 in Earth Magic
  2439 | D:10     | Reached skill level 4 in Poison Magic
  2656 | D:9      | Noticed Gastronok
  2668 | D:9      | Killed Gastronok
  2668 | D:9      | Reached skill level 6 in Fighting
  2668 | D:9      | Reached skill level 5 in Short Blades
  2668 | D:9      | Reached skill level 5 in Long Blades
  2668 | D:9      | Reached skill level 5 in Axes
  2668 | D:9      | Reached skill level 5 in Maces & Flails
  2668 | D:9      | Reached skill level 5 in Polearms
  2668 | D:9      | Reached skill level 5 in Staves
  2668 | D:9      | Reached skill level 5 in Slings
  2668 | D:9      | Reached skill level 5 in Bows
  2668 | D:9      | Reached skill level 5 in Crossbows
  2668 | D:9      | Reached skill level 5 in Throwing
  2668 | D:9      | Reached skill level 5 in Armour
  2668 | D:9      | Reached skill level 7 in Dodging
  2668 | D:9      | Reached skill level 5 in Stealth
  2668 | D:9      | Reached skill level 5 in Shields
  2668 | D:9      | Reached skill level 5 in Evocations
  2735 | D:9      | Noticed Statics's ghost (journeyman GnWn)
  2754 | D:9      | Learned a level 5 spell: Blade Hands
  2759 | D:9      | Reached skill level 6 in Transmutations
  2759 | D:9      | Reached skill level 6 in Invocations
  2804 | D:9      | Learned a level 1 spell: Animate Skeleton
  2806 | D:9      | Learned a level 1 spell: Apportation
  2808 | D:9      | Learned a level 1 spell: Confusing Touch
  2973 | D:9      | Killed Statics's ghost
  2973 | D:9      | Reached XP level 11. HP: 42/81 MP: 22/22
  3042 | D:9      | Learned a level 2 spell: Poisonous Vapours
  3148 | D:10     | Reached **** piety under Cheibriados
  3241 | D:10     | Reached skill level 9 in Unarmed Combat
  3244 | D:10     | Reached skill level 6 in Short Blades
  3244 | D:10     | Reached skill level 6 in Long Blades
  3244 | D:10     | Reached skill level 6 in Axes
  3244 | D:10     | Reached skill level 6 in Maces & Flails
  3244 | D:10     | Reached skill level 6 in Polearms
  3244 | D:10     | Reached skill level 6 in Staves
  3244 | D:10     | Reached skill level 6 in Slings
  3244 | D:10     | Reached skill level 6 in Bows
  3244 | D:10     | Reached skill level 6 in Crossbows
  3244 | D:10     | Reached skill level 6 in Throwing
  3244 | D:10     | Reached skill level 6 in Armour
  3244 | D:10     | Reached skill level 6 in Stealth
  3244 | D:10     | Reached skill level 6 in Shields
  3244 | D:10     | Reached skill level 6 in Evocations
  3400 | D:11     | Noticed a wizard
  3411 | D:11     | Killed a wizard
  3411 | D:11     | Reached skill level 5 in Conjurations
  3411 | D:11     | Reached skill level 5 in Hexes
  3411 | D:11     | Reached skill level 5 in Charms
  3411 | D:11     | Reached skill level 5 in Summonings
  3411 | D:11     | Reached skill level 5 in Necromancy
  3411 | D:11     | Reached skill level 5 in Translocations
  3411 | D:11     | Reached skill level 5 in Fire Magic
  3411 | D:11     | Reached skill level 5 in Ice Magic
  3411 | D:11     | Reached skill level 5 in Air Magic
  3411 | D:11     | Reached skill level 5 in Earth Magic
  3411 | D:11     | Reached skill level 5 in Poison Magic
  3416 | D:11     | Reached skill level 8 in Spellcasting
  3437 | D:11     | Noticed a purple ugly thing
  3443 | D:11     | Killed a purple ugly thing
  3482 | D:11     | Found a burning altar of Makhleb.
  3503 | D:11     | Noticed a centaur warrior
  3527 | D:11     | Noticed a death knight
  3527 | D:11     | Noticed a manticore
  3527 | D:11     | Noticed a fire dragon
  3549 | D:12     | Noticed Snorg
  3568 | D:12     | Killed Snorg
  3572 | D:12     | Reached ***** piety under Cheibriados
  3601 | D:12     | Reached skill level 7 in Invocations
  3604 | D:12     | Reached skill level 7 in Fighting
  3604 | D:12     | Reached skill level 8 in Dodging
  3606 | D:12     | Noticed a six-headed hydra
  3614 | D:12     | Killed a six-headed hydra
  3656 | D:12     | Noticed a green ugly thing
  3658 | D:12     | Killed a green ugly thing
  3679 | D:12     | Noticed a cyclops
  3707 | D:12     | Killed a cyclops
  3708 | D:12     | Noticed a cyclops
  3728 | D:12     | Killed a cyclops
  3787 | D:12     | Reached XP level 12. HP: 63/91 MP: 12/24
  3901 | D:12     | Found a staircase to the Orcish Mines.
  3913 | Orc:1    | Entered Level 1 of the Orcish Mines
  3990 | Orc:1    | Found a runed door.
  4030 | Orc:1    | Found a burning altar of Makhleb.
  4125 | Orc:2    | Entered Level 2 of the Orcish Mines
  4132 | Orc:2    | Noticed Klosterheim's ghost (journeyman OgMo)
  4143 | Orc:2    | Killed Klosterheim's ghost
  4143 | Orc:2    | Reached skill level 7 in Short Blades
  4143 | Orc:2    | Reached skill level 7 in Long Blades
  4143 | Orc:2    | Reached skill level 7 in Axes
  4143 | Orc:2    | Reached skill level 7 in Maces & Flails
  4143 | Orc:2    | Reached skill level 7 in Polearms
  4143 | Orc:2    | Reached skill level 7 in Staves
  4143 | Orc:2    | Reached skill level 7 in Slings
  4143 | Orc:2    | Reached skill level 7 in Bows
  4143 | Orc:2    | Reached skill level 7 in Crossbows
  4143 | Orc:2    | Reached skill level 7 in Throwing
  4143 | Orc:2    | Reached skill level 7 in Armour
  4143 | Orc:2    | Reached skill level 7 in Stealth
  4143 | Orc:2    | Reached skill level 7 in Shields
  4143 | Orc:2    | Reached skill level 7 in Transmutations
  4143 | Orc:2    | Reached skill level 7 in Evocations
  4151 | Orc:2    | Upgraded the game from 0.21-a0-552-g593960d to 0.21-a0-578-gc6e9d75
  4181 | Orc:2    | Found a staircase to the Elven Halls.
  4321 | Orc:2    | Noticed an orc high priest
  4326 | Orc:2    | Killed an orc high priest
  4326 | Orc:2    | Reached skill level 6 in Conjurations
  4326 | Orc:2    | Reached skill level 6 in Hexes
  4326 | Orc:2    | Reached skill level 6 in Charms
  4326 | Orc:2    | Reached skill level 6 in Summonings
  4326 | Orc:2    | Reached skill level 6 in Necromancy
  4326 | Orc:2    | Reached skill level 6 in Translocations
  4326 | Orc:2    | Reached skill level 6 in Fire Magic
  4326 | Orc:2    | Reached skill level 6 in Ice Magic
  4326 | Orc:2    | Reached skill level 6 in Air Magic
  4326 | Orc:2    | Reached skill level 6 in Earth Magic
  4326 | Orc:2    | Reached skill level 6 in Poison Magic
  4355 | Orc:2    | Reached skill level 8 in Invocations
  4375 | Orc:2    | Noticed Urug
  4403 | Orc:2    | Killed Urug
  4403 | Orc:2    | Reached skill level 9 in Spellcasting
  4405 | Orc:2    | Noticed an orc warlord
  4443 | Orc:2    | Killed an orc warlord
  4505 | Orc:2    | Reached ****** piety under Cheibriados
  4505 | Orc:2    | Reached skill level 8 in Fighting
  4505 | Orc:2    | Reached skill level 10 in Unarmed Combat
  4566 | Orc:2    | Reached skill level 9 in Dodging
  4573 | Orc:2    | Found a roughly hewn altar of Beogh.
  4574 | Orc:2    | Noticed Thaneod's ghost (journeyman DEFE)
  4587 | Orc:2    | Killed Thaneod's ghost
  4596 | Orc:2    | Reached XP level 13. HP: 64/98 MP: 11/26
  4599 | Orc:2    | Found Jely's Antique Weapon Emporium.
  4617 | Orc:2    | Found Woimmod's General Store.
  4624 | Orc:2    | Bought a potion of curing for 45 gold pieces
  4632 | Orc:2    | Found Kirghuxku's Jewellery Emporium.
  4650 | Orc:2    | Found Maeseif's Antique Armour Emporium.
  4672 | Orc:2    | Bought the ring "Paisysi" {rN+ EV+3 Slay+3} for 761 gold pieces
  4853 | Orc:1    | Found the +10 large shield of Ignorance {rN+ Int-4}
  4868 | Orc:1    | Found a runed door.
  5025 | Orc:2    | Found a roughly hewn altar of Beogh.
  5121 | Elf:1    | Entered Level 1 of the Elven Halls
  5134 | Elf:1    | Reached skill level 8 in Short Blades
  5134 | Elf:1    | Reached skill level 8 in Long Blades
  5134 | Elf:1    | Reached skill level 8 in Axes
  5134 | Elf:1    | Reached skill level 8 in Maces & Flails
  5134 | Elf:1    | Reached skill level 8 in Polearms
  5134 | Elf:1    | Reached skill level 8 in Staves
  5134 | Elf:1    | Reached skill level 8 in Slings
  5134 | Elf:1    | Reached skill level 8 in Bows
  5134 | Elf:1    | Reached skill level 8 in Crossbows
  5134 | Elf:1    | Reached skill level 8 in Throwing
  5134 | Elf:1    | Reached skill level 8 in Armour
  5134 | Elf:1    | Reached skill level 8 in Stealth
  5134 | Elf:1    | Reached skill level 8 in Shields
  5134 | Elf:1    | Reached skill level 8 in Evocations
  5142 | Elf:1    | HP: 3/99 [demonic crawler[a deep elf mage] (8)]
  5142 | Elf:1    | Slain by a demonic crawler

Vault maps used:
D:1:      erik_arrival_blinker_ship, kennysheep_boxes
D:2:      nemelex_xobeh_ov_fountains_minmay, lemuel_crystal_altar,
          kiku_gazebo_garden_becter
D:3:      uniq_jessica
D:4:      amethyst_overflow_temple_binary, first_bread, uniq_blork_the_orc
D:5:      okawaru_trees_2, zin_scriptorium, gammafunk_temple_overflow_wave,
          nicolae_dithmenos_shadow_blocks, temple_fountains, serial_shops,
          shop_scrolls
D:6:      minmay_misc_feat_iff, grunt_decor_mini_mirrors, uniq_duvessa,
          uniq_pikel
D:7:      feat_on_display
D:8:      minmay_lair_entry_grove
D:9:      uniq_gastronok
D:10:     minivault_5, hangedman_ranch
D:11:     minmay_the_grid_triangle_9x9_rhombus_thin_mashed
D:12:     argonaut_augean_stables, feat_on_display, uniq_snorg
D:13:     serial_shops, shop
Orc:1:    basic_altar, chequers_guarded_unrand_ignorance
Orc:2:    grunt_orc_cross, basic_altar
Elf:1:    minmay_elf_arrival_plus, minmay_elf_annihilation

Skill      XL: |  1  2  3  4  5  6  7  8  9 10 11 12 13 |
---------------+----------------------------------------+-----
Spellcasting   | 5 6 7 8 9 |  9.5
Invocations    | 1 2 3 4 5 6 7 8 |  8.8
Short Blades   | 1 2 3 4 5 6 7 8 |  8.0
Long Blades    | 1 2 3 4 5 6 7 8 |  8.0
Axes           | 1 2 3 4 5 6 7 8 |  8.0
Maces & Flails | 1 2 3 4 5 6 7 8 |  8.0
Polearms       | 1 2 3 4 5 6 7 8 |  8.0
Staves         | 1 2 3 4 5 6 7 8 |  8.0
Slings         | 1 2 3 4 5 6 7 8 |  8.0
Bows           | 1 2 3 4 5 6 7 8 |  8.0
Crossbows      | 1 2 3 4 5 6 7 8 |  8.0
Throwing       | 1 2 3 4 5 6 7 8 |  8.0
Armour         | 1 2 3 4 5 6 7 8 |  8.0
Stealth        | 1 2 3 4 5 6 7 8 |  8.0
Shields        | 1 2 3 4 5 6 7 8 |  8.0
Evocations     | 1 2 3 4 5 6 7 8 |  8.0
Fighting       | 3 4 5 6 7 8 |  8.4
Conjurations   | 1 2 3 4 5 6 |  6.6
Hexes          | 1 2 3 4 5 6 |  6.6
Charms         | 1 2 3 4 5 6 |  6.6
Summonings     | 1 2 3 4 5 6 |  6.6
Necromancy     | 1 2 3 4 5 6 |  6.6
Translocations | 1 2 3 4 5 6 |  6.6
Fire Magic     | 1 2 3 4 5 6 |  6.6
Ice Magic      | 1 2 3 4 5 6 |  6.6
Air Magic      | 1 2 3 4 5 6 |  6.6
Earth Magic    | 1 2 3 4 5 6 |  6.6
Poison Magic   | 1 2 3 4 5 6 |  6.6
Transmutations | 4 5 6 7 |  7.7
Dodging        | 5 6 7 8 9 |  9.3
Unarmed Combat | 7 8 9 10 | 10.3

Action                   |  1- 3 |  4- 6 |  7- 9 | 10-12 | 13-15 || total
-------------------------+-------+-------+-------+-------+-------++-------
Melee: Unarmed           |    70 |    54 |   133 |   330 |   103 ||   690
       Headbutt          |     2 |       |       |       |       ||     2
       Bite              |     1 |       |     1 |    38 |    11 ||    51
       Punch             |     1 |       |       |    21 |     5 ||    27
       Kick              |     1 |       |       |       |       ||     1
       Dagger            |       |       |     8 |       |       ||     8
       Demon trident     |       |       |       |    12 |     4 ||    16
Throw: Javelin           |       |       |     7 |    11 |       ||    18
       Tomahawk          |       |       |       |    13 |       ||    13
 Cast: Beastly Appendage |    10 |       |       |       |       ||    10
       Sticks to Snakes  |     6 |     2 |     8 |    19 |     4 ||    39
       Spider Form       |     5 |     9 |    27 |     7 |       ||    48
       Mephitic Cloud    |       |       |     2 |    16 |       ||    18
       Blade Hands       |       |       |       |    37 |     6 ||    43
       Conjure Flame     |       |       |       |    20 |       ||    20
       Poisonous Vapours |       |       |       |    16 |       ||    16
       Animate Skeleton  |       |       |       |    11 |     1 ||    12
       Apportation       |       |       |       |    21 |     8 ||    29
Invok: Bend Time         |       |       |     1 |     1 |       ||     2
       Slouch            |       |       |       |       |     1 ||     1
 Abil: End Transformatio |       |     1 |     2 |    18 |       ||    21
Evoke: Wand              |       |     1 |    33 |    22 |       ||    56
  Use: Scroll            |       |     5 |     8 |     6 |       ||    19
       Potion            |       |       |       |     4 |     2 ||     6
 Stab: Sleeping          |     3 |     3 |     5 |     1 |     1 ||    13
       Paralysed         |       |       |     5 |       |       ||     5
       Confused          |       |       |     1 |     5 |       ||     6
       Distracted        |       |       |       |     1 |       ||     1
  Eat: Chunk             |       |     1 |     2 |     2 |       ||     5
       Buggy jelly       |       |       |     1 |       |       ||     1
       Buggy fruit       |       |       |       |     6 |       ||     6
       Ration            |       |       |       |     1 |       ||     1
Armor: Robe              |     8 |     1 |     4 |    24 |       ||    37
       Skin              |     1 |     2 |     6 |     9 |       ||    18
       Troll leather arm |       |       |       |    12 |    19 ||    31
Dodge: Dodged            |    40 |    38 |   156 |   299 |   170 ||   703
Block: Buckler           |       |       |       |     3 |       ||     3

Table legend:
 A = Spawn XP
 B = Non-spawn XP
 C = Spawn XP percentage of total XP
 D = Spawn monster count
 E = Non-spawn monster count
 F = Spawn count percentage of total count
 G = Total turns spent on level
                    A         B        C        D         E        F      G
               +---------+---------+-------+---------+---------+-------+---------
         Total |       0 |   38194 |   0.0 |       0 |     323 |   0.0 |  5142
               +---------+---------+-------+---------+---------+-------+---------
           D:1 |       0 |      24 |   0.0 |       0 |      16 |   0.0 |   340
           D:2 |       0 |      36 |   0.0 |       0 |       7 |   0.0 |   120
           D:3 |       0 |      39 |   0.0 |       0 |      14 |   0.0 |   279
           D:4 |       0 |     296 |   0.0 |       0 |      11 |   0.0 |   118
           D:5 |       0 |     407 |   0.0 |       0 |      14 |   0.0 |   423
           D:6 |       0 |    1211 |   0.0 |       0 |      17 |   0.0 |   426
           D:7 |       0 |     955 |   0.0 |       0 |      18 |   0.0 |   384
           D:8 |       0 |    1181 |   0.0 |       0 |      13 |   0.0 |   172
           D:9 |       0 |    4362 |   0.0 |       0 |      25 |   0.0 |   551
          D:10 |       0 |    2828 |   0.0 |       0 |      41 |   0.0 |   577
          D:11 |       0 |    2125 |   0.0 |       0 |      12 |   0.0 |   159
          D:12 |       0 |    4945 |   0.0 |       0 |      21 |   0.0 |   317
          D:13 |       0 |     349 |   0.0 |       0 |       2 |   0.0 |    49
         Orc:1 |       0 |    3159 |   0.0 |       0 |      32 |   0.0 |   442
         Orc:2 |       0 |   13390 |   0.0 |       0 |      75 |   0.0 |   764
         Elf:1 |       0 |    2887 |   0.0 |       0 |       5 |   0.0 |    21
               +---------+---------+-------+---------+---------+-------+---------

Table legend:
 A = Turns spent in this place as a percentage of turns spent in the entire game.
 B = Non-inter-level travel turns spent in this place as a percentage of non-inter-level travel turns spent in the entire game.
 C = Inter-level travel turns spent in this place as a percentage of turns spent in this place.
 D = Turns resting spent in this place as a percentage of non-inter-level travel turns spent in this place.
 E = Turns spent auto-exploring this place as a percentage of non-inter-level travel turns spent in this place.
 F = Non-inter-level travel turns spent in this place divided by the number of levels of this place that you've seen.
                   A       B       C       D       E      F
               +-------+-------+-------+-------+-------+----------------------
         Total | 100.0 | 100.0 |   1.8 |   0.0 |   0.0 | 315.5
       Dungeon |  76.1 |  75.7 |   2.4 |   0.0 |   0.0 | 293.9
  Orcish Mines |  23.5 |  23.9 |   0.0 |   0.0 |   0.0 | 603.0
   Elven Halls |   0.4 |   0.4 |   0.0 |   0.0 |   0.0 |  21.0
               +-------+-------+-------+-------+-------+----------------------

Table legend:
 A = Kills in this place as a percentage of kills in entire the game.
 B = Kills by you in this place as a percentage of kills by you in the entire game.
 C = Kills by friends in this place as a percentage of kills by friends in the entire game.
 D = Other kills in this place as a percentage of other kills in the entire game.
 E = Experience gained in this place as a percentage of experience gained in the entire game.
 F = Experience gained in this place divided by the number of levels of this place that you have seen.
                   A       B       C       D       E      F
               +-------+-------+-------+-------+-------+----------------------
         Total | 100.0 | 100.0 | 100.0 | 100.0 | 100.0 | 2387.1
       Dungeon |  65.3 |  65.4 |  68.8 |  50.0 |  49.1 | 1442.9
  Orcish Mines |  33.1 |  33.2 |  25.0 |  50.0 |  43.3 | 8274.5
   Elven Halls |   1.5 |   1.3 |   6.2 |   0.0 |   7.6 | 2887.0
               +-------+-------+-------+-------+-------+----------------------

Vault maps used:
D:1:      erik_arrival_blinker_ship, kennysheep_boxes
D:2:      nemelex_xobeh_ov_fountains_minmay, lemuel_crystal_altar,
          kiku_gazebo_garden_becter
D:3:      uniq_jessica
D:4:      amethyst_overflow_temple_binary, first_bread, uniq_blork_the_orc
D:5:      okawaru_trees_2, zin_scriptorium, gammafunk_temple_overflow_wave,
          nicolae_dithmenos_shadow_blocks, temple_fountains, serial_shops,
          shop_scrolls
D:6:      minmay_misc_feat_iff, grunt_decor_mini_mirrors, uniq_duvessa,
          uniq_pikel
D:7:      feat_on_display
D:8:      minmay_lair_entry_grove
D:9:      uniq_gastronok
D:10:     minivault_5, hangedman_ranch
D:11:     minmay_the_grid_triangle_9x9_rhombus_thin_mashed
D:12:     argonaut_augean_stables, feat_on_display, uniq_snorg
D:13:     serial_shops, shop
Orc:1:    basic_altar, chequers_guarded_unrand_ignorance
Orc:2:    grunt_orc_cross, basic_altar
Elf:1:    minmay_elf_arrival_plus, minmay_elf_annihilation
